Unix NetHack Version 3.7.0-73 Work-in-progress - last build Feb 17 2023 02:16:44 (48fe2e8c4a70f1d2d5b622443eb9b5bc1b8d05f7,branch:master). Game began 2023-02-23 18:29:39, ended 2023-02-23 20:55:07. Gandelf, neutral male human Monk -------------- |...........?+ |..$..!.....v| |............. ------+---.--- Gandelf the Student of Stones St:18/03 Dx:15 Co:15 In:11 Wi:16 Ch:10 Neutral S:72815 Dlvl:18 $:320 HP:0(69) Pw:37(58) AC:-4 Xp:11/12402 T:13318 Burdened Latest messages: The invisible human zombie misses the fox. You see here 2 runed arrows. The invisible yeti misses the stalker. The invisible housecat misses the efreeti. You hear Ebenezer Scrooge! The invisible elf mummy misses it. The invisible freezing sphere misses it. You hear some noises in the distance. The baby gray dragon misses! The centipede just misses! You find a squeaky board. A trap door opens up under you! You fall down a shaft! The jumbo shrimp misses! The black pudding engulfs you! Your lamp called oil lamp goes out! Your candle's flame is extinguished. You feel your magical energy drain away. You feel your magical energy drain away. You hit the ice devil. You feel your magical energy drain away. You hit the sasquatch. Everything looks SO boring now. The air around you crackles with electricity. You feel your magical energy drain away. You feel your magical energy drain away. You hit the energy vortex. You are jolted with electricity! The air around you crackles with electricity. You get expelled! The energy vortex misses! The energy vortex touches you! The energy vortex misses! You miss the energy vortex. You are jolted with electricity! The energy vortex touches you! You get zapped! Your wand of cancellation breaks apart and explodes! Your curved wand breaks apart and explodes! Your wand of digging breaks apart and explodes! You hear the howling of the CwnAnnwn... The energy vortex misses! The energy vortex engulfs you! The air around you crackles with electricity. You die... Do you want your possessions identified? [ynq] (y) y Do you want to see your attributes? [ynq] (y) y Do you want an account of creatures vanquished? [ynaq] (y) y Do you want to see your conduct and achievements? [ynq] (y) y Do you want to see the dungeon overview? [ynq] (y) y Inventory: Coins $ - 320 gold pieces Armor H - an uncursed corroded +1 dwarvish iron helm a - an uncursed +2 pair of leather gloves E - an uncursed +1 pair of iron shoes (being worn) V - a blessed +3 shield of reflection (being worn) b - a blessed +4 robe (being worn) Scrolls W - an uncursed scroll of blank paper c - a cursed scroll of destroy armor Rings C - an uncursed ring of searching (on right hand) n - an uncursed ring of slow digestion (on left hand) Wands y - a wand of fire (0:3) Tools A - an uncursed bag of holding containing 63 items T - an empty uncursed sack D - an uncursed blindfold r - a crystal ball (0:1) Q - an uncursed lock pick K - a blessed oil lamp k - an uncursed skeleton key P - a blessed partly used tallow candle R - an uncursed tin whistle Contents of the bag of holding: 21977 gold pieces an uncursed amulet of flying an uncursed amulet of magical breathing an uncursed amulet of reflection an uncursed amulet of unchanging an uncursed amulet versus poison 9 +0 arrows a +0 bow a blessed +0 dagger 4 +0 daggers an uncursed +0 mummy wrapping a blessed scroll of blank paper 6 uncursed scrolls of blank paper an uncursed scroll of destroy armor 3 uncursed scrolls of earth 2 uncursed scrolls of enchant armor 2 uncursed scrolls of enchant weapon 2 uncursed scrolls of fire 3 uncursed scrolls of light an uncursed scroll of punishment 2 uncursed scrolls of remove curse a blessed scroll of teleportation 4 uncursed scrolls of teleportation a blessed spellbook of confuse monster a cursed potion of acid an uncursed potion of booze an uncursed potion of confusion an uncursed potion of enlightenment an uncursed potion of full healing an uncursed potion of gain energy an uncursed potion of healing a blessed potion of levitation an uncursed potion of monster detection 2 uncursed potions of object detection an uncursed potion of restore ability 6 potions of holy water 13 uncursed potions of water a wand of digging (0:7) a wand of digging (0:3) a wand of magic missile (0:7) a wand of magic missile (0:4) a wand of slow monster (0:5) a wand of speed monster (0:6) a wand of speed monster (0:5) a wand of speed monster (0:4) a wand of undead turning (0:7) a +0 pick-axe 5 uncursed amber stones 2 cursed amber stones 3 uncursed amethyst stones an uncursed aquamarine stone an uncursed citrine stone 2 uncursed diamonds 4 uncursed emeralds 2 uncursed fluorite stones an uncursed jacinth stone an uncursed jade stone 2 uncursed jasper stones an uncursed obsidian stone 2 uncursed rubies an uncursed sapphire an uncursed worthless piece of red glass an uncursed worthless piece of yellow glass Gandelf the Monk's attributes: Background: You were a Student of Stones, a level 11 male human Monk. You were neutral, on a mission for Chih Sung-tzu who was opposed by Shan Lai Ching (lawful) and Huan Ti (chaotic). You were in the Dungeons of Doom, on level 18. You entered the dungeon 13318 turns ago. You had 12402 experience points, 7598 more were needed to attain level 12. Your score was 72815 before end-of-game adjustments. Basics: You had 0 out of 69 hit points. You had 37 out of 58 energy points (spell power). Your armor class was -4. Your wallet contained 320 zorkmids, and you had 21977 more stashed away in your pack. Autopickup was off. Final Characteristics: Your strength was 18/03 (limit:18/100). Your dexterity was 15 (limit:18). Your constitution was 15 (limit:18). Your intelligence was 11 (limit:18). Your wisdom was 16 (limit:18). Your charisma was 10 (limit:18). Final Status: You were engulfed by an energy vortex. You were not hungry. You were burdened; movement was slightly slowed. You were bare handed. You had basic skill with martial arts and could have enhanced that. Final Attributes: You were piously aligned. You were fire resistant. You were sleep resistant. You were poison resistant. You saw invisible. You were warned. You had automatic searching. You were stealthy. You had slower digestion. You were guarded. You were fast. You had reflection. You are dead. Miscellaneous: You encountered 1 bones level. Total elapsed playing time was 2 hours, 20 minutes and 25 seconds. Major events: Turn 1: Gandelf the neutral male human Monk entered the dungeon 162: entered the Gnomish Mines 179: attained the rank of Novice (level 3) 567: reached Mine Town 615: attained the rank of Initiate (level 6) 4436: made his first wish - "blessed +3 polished silver shield", got "a polished silver shield" 5177: entered Sokoban 5517: completed 1st Sokoban level 6168: completed 2nd Sokoban level 8419: found Sunsword in a shop 9573: attained the rank of Student of Stones (level 10) 11226: destroyed DragonSidedD's ghost, the former Student of Stones 13318: killed by an energy vortex Vanquished creatures: 3 black puddings 2 ghosts 5 queen bees a giant mimic a zruty an ogre tyrant an ice troll a large mimic 3 couatls 2 stalkers an earth elemental a water elemental a giant zombie 5 wargs a winter wolf 5 small mimics a warhorse a xan an ettin mummy 2 ogre leaders 2 quantum mechanics 3 trolls a sasquatch a djinni 2 tigers a dwarf ruler 2 tengu an energy vortex a mountain centaur 2 elf mummies a human mummy a red naga a pit viper a cobra a carnivorous ape 2 ettin zombies a leather golem 5 Grey-elves 2 amorous demons 2 chameleons 2 crocodiles 5 giant beetles a quivering blob 2 cockatrices 4 wolves a gremlin a leprechaun an orc-captain an iron piercer a mumak a giant spider 2 scorpions a horse an ice vortex 3 black lights 2 gnome rulers an orc mummy a dwarf mummy 4 ogres a brown pudding an owlbear a yeti a gold golem a werewolf a lizard a chickatrice 2 dingoes a dog 2 jaguars a dwarf leader 2 ravens a plains centaur a gnome mummy 2 snakes 5 apes a human zombie 7 Woodland-elves 6 soldier ants a fire ant 2 bugbears an imp 2 quasits 2 wood nymphs 3 water nymphs a mountain nymph a Mordor orc an Uruk-hai 2 orc shamans 5 rock piercers a pony 2 yellow lights 2 shriekers 11 gnome leaders 4 gnomish wizards a kobold mummy a gray ooze 2 barrow wights 3 elf zombies a ghoul 3 straw golems a paper golem 12 giant ants 2 little dogs 2 floating eyes 9 dwarves a homunculus a kobold leader a kobold shaman 19 hill orcs 5 rothes a centipede 2 giant bats 6 dwarf zombies 2 wererats 2 werejackals an iguana 26 killer bees a gas spore a hobbit 2 large kobolds 6 hobgoblins a giant rat 2 cave spiders a yellow mold a red mold 27 gnomes a gnome zombie a gecko a jackal 2 foxes 5 goblins 6 sewer rats 4 grid bugs 4 lichens a kobold zombie 3 newts 360 creatures vanquished. No species were genocided or became extinct. Voluntary challenges: You were vegetarian. You never hit with a wielded weapon. You read items or engraved 35 times. You never engraved Elbereth. You never genocided any monsters. You never polymorphed an object. You never changed form. You used 1 wish. You did not wish for any artifacts. You did not violate any of the special Sokoban rules. Achievements: You entered the Gnomish Mines. You attained the rank of Novice. You entered Minetown. You entered a shop. You attained the rank of Initiate. You entered a temple. You entered Sokoban. You attained the rank of Student of Stones. The Dungeons of Doom: levels 1 to 18 Level 1: Level 2: A general store. Level 3: A weapon shop. Stairs down to The Gnomish Mines. Level 4: An armor shop, a sink, a grave. Level 5: A potion shop. Level 6: Many fountains. Oracle of Delphi. Level 7: An armor shop, a fountain. Stairs up to Sokoban, level 6. Level 8: A general store, a fountain. Level 9: Level 10: A weapon shop. Level 11: A grave. Level 12: A fountain. Summoned by the Grand Master. Level 13: A grave. Final resting place for DragonSidedD-Mon-Hum-Mal-Cha, killed by a sasquatch. Level 14: An altar to Chih Sung-tzu. Level 15: A primitive area. Level 16: Level 17: Level 18: <- You were here. Final resting place for you, killed by an energy vortex. The Gnomish Mines: levels 4 to 7 Level 4: Level 5: Level 6: Many shops, a temple, some fountains, some trees. Level 7: Sokoban: levels 6 up to 5 Level 5: Solved. Level 6: Solved. Game over: ---------- / \ / REST \ / IN \ / PEACE \ / \ | Gandelf | | 22297 Au | | killed by an | | energy vortex | | | | | | 2023 | *| * * * | * _________)/\\_//(\/(/\)/\//\/|_)_______ Goodbye Gandelf the Monk... You died in The Dungeons of Doom on dungeon level 18 with 70586 points, and 22297 pieces of gold, after 13318 moves. You were level 11 with a maximum of 69 hit points when you died.